TOP OF THE 1ST |
BlackIron Dragons batting - Pitching for West Virginia Power : RHP Mitch Irwin
|
Pitching: RHP Mitch Irwin
|
|
Batting: RHB Gil Palmer
|
0-0: Foul Ball, location: 2F 0-1: Ball 1-1: Ball 2-1: Ball 3-1: SINGLE (Groundball, 56D)
|
Batting: RHB José Colón
|
0-0: Ball 1-0: Ball 2-0: Ball 3-0: Called Strike 3-1: Called Strike 3-2: Foul Ball, location: 2F 3-2: Foul Ball, location: 2F 3-2: Strikes out looking
|
Batting: LHB Leonard Young
|
0-0: Ball Gil Palmer steals 2nd base 1-0: Ball 2-0: Fly out, F5 (Popup, 5L)
|
Batting: RHB Boyd Pittman
|
0-0: Fly out, F9 (Flyball, 9M)
|
Top of the 1st over - 0 run(s), 1 hit(s), 0 error(s), 1 left on base; BlackIron 0 - West Virginia 0 |
BOTTOM OF THE 1ST |
West Virginia Power batting - Pitching for BlackIron Dragons : LHP Frederick Cesti
|
Pitching: LHP Frederick Cesti
|
|
Batting: RHB Luis Encarnación
|
0-0: Called Strike 0-1: Foul Ball, location: 2F 0-2: Foul Ball, location: 2F 0-2: SINGLE (Line Drive, 56D)
|
Batting: RHB Alfonso Huertas
|
0-0: Called Strike 0-1: Ball 1-1: Called Strike 1-2: SINGLE (Line Drive, 4M) Luis Encarnación to second
|
Batting: LHB Fernando Ortíz
|
0-0: Called Strike 0-1: 3-RUN HOME RUN (Flyball, 89XD), Distance : 414 ft
|
Batting: LHB Pablo Reyes
|
0-0: Ball 1-0: Foul Ball, location: 2F 1-1: Ball 2-1: Foul Ball, location: 2F 2-2: Ground out 4-3 (Groundball, 4)
|
Batting: SHB Edward Bartlett
|
0-0: Ball 1-0: Foul Ball, location: 2F 1-1: Swinging Strike 1-2: Ground out 5-3 (Groundball, 5S)
|
Batting: RHB Gonzalo Gil
|
0-0: Swinging Strike 0-1: Foul Ball, location: 2F 0-2: Foul Ball, location: 2F 0-2: Ball 1-2: Ball 2-2: Strikes out looking
|
Bottom of the 1st over - 3 run(s), 3 hit(s), 0 error(s), 0 left on base; BlackIron 0 - West Virginia 3 |
TOP OF THE 2ND |
BlackIron Dragons batting - Pitching for West Virginia Power : RHP Mitch Irwin
|
Batting: RHB Edgardo Carrasco
|
0-0: Swinging Strike 0-1: Called Strike 0-2: Ground out 5-3 (Groundball, 5S)
|
Batting: RHB Joaquín Rosales
|
0-0: Ball 1-0: Foul Ball, location: 2F 1-1: SINGLE (Groundball, 56D)
|
Batting: LHB Donnie Cunningham
|
0-0: Fielders Choice at 2nd, 6-4 (Groundball, 6M)
|
Batting: LHB Culley Vaughan
|
0-0: Ball 1-0: Swinging Strike 1-1: Ball 2-1: Ground out U3 (Groundball, 3)
|
Top of the 2nd over - 0 run(s), 1 hit(s), 0 error(s), 1 left on base; BlackIron 0 - West Virginia 3 |
BOTTOM OF THE 2ND |
West Virginia Power batting - Pitching for BlackIron Dragons : LHP Frederick Cesti
|
Batting: RHB Ben Dougherty
|
0-0: Called Strike 0-1: Ball 1-1: Ground out 5-3 (Groundball, 56)
|
Batting: RHB Will Lott
|
0-0: Swinging Strike 0-1: Ball 1-1: Swinging Strike 1-2: Ball 2-2: Ball 3-2: Strikes out swinging
|
Batting: RHB Brett Bell
|
0-0: Ground out 6-3 (Groundball, 6)
|
Bottom of the 2nd over - 0 run(s), 0 hit(s), 0 error(s), 0 left on base; BlackIron 0 - West Virginia 3 |
TOP OF THE 3RD |
BlackIron Dragons batting - Pitching for West Virginia Power : RHP Mitch Irwin
|
Batting: RHB Alfredo Rangel
|
0-0: Called Strike 0-1: SINGLE (Groundball, 56S) (infield hit)
|
Batting: RHB Gil Palmer
|
0-0: Ball 1-0: Ball 2-0: Called Strike 2-1: Called Strike 2-2: Foul Ball, location: 2F 2-2: Strikes out swinging
|
Batting: RHB José Colón
|
0-0: Ball 1-0: Swinging Strike 1-1: Foul Ball, location: 2F 1-2: Strikes out swinging
|
Batting: LHB Leonard Young
|
0-0: Ball 1-0: Ball 2-0: Ball 3-0: Called Strike 3-1: Foul Ball, location: 2F 3-2: Foul Ball, location: 2F 3-2: Foul Ball, location: 2F 3-2: Foul Ball, location: 2F 3-2: Strikes out swinging
|
Top of the 3rd over - 0 run(s), 1 hit(s), 0 error(s), 1 left on base; BlackIron 0 - West Virginia 3 |
BOTTOM OF THE 3RD |
West Virginia Power batting - Pitching for BlackIron Dragons : LHP Frederick Cesti
|
Batting: RHB Luis Encarnación
|
0-0: Foul Ball, location: 2F 0-1: Called Strike 0-2: Ball 1-2: Strikes out looking
|
Batting: RHB Alfonso Huertas
|
0-0: Swinging Strike 0-1: Swinging Strike 0-2: Ball 1-2: Fly out, F9 (Flyball, 9M)
|
Batting: LHB Fernando Ortíz
|
0-0: Swinging Strike 0-1: Ball 1-1: Ball 2-1: Called Strike 2-2: Ball 3-2: Base on Balls
|
Pitching: RHP Luis Canseco
|
|
Batting: LHB Pablo Reyes
|
0-0: Ball 1-0: Foul Ball, location: 2F 1-1: Foul Ball, location: 2F 1-2: Foul Ball, location: 2F 1-2: Strikes out swinging
|
Bottom of the 3rd over - 0 run(s), 0 hit(s), 0 error(s), 1 left on base; BlackIron 0 - West Virginia 3 |
TOP OF THE 4TH |
BlackIron Dragons batting - Pitching for West Virginia Power : RHP Mitch Irwin
|
Batting: RHB Boyd Pittman
|
0-0: Called Strike 0-1: Ball 1-1: Ball 2-1: Ball 3-1: Base on Balls
|
Batting: RHB Edgardo Carrasco
|
0-0: Ball 1-0: Ball 2-0: SINGLE (Groundball, 56S) Boyd Pittman to second
|
Batting: RHB Joaquín Rosales
|
0-0: Fly out, F3 (Popup, 3F)
|
Batting: LHB Donnie Cunningham
|
0-0: Ball 1-0: Swinging Strike 1-1: Swinging Strike 1-2: Strikes out swinging
|
Batting: LHB Culley Vaughan
|
0-0: Fielders Choice at 2nd, U6 (Groundball, 6M)
|
Top of the 4th over - 0 run(s), 1 hit(s), 0 error(s), 2 left on base; BlackIron 0 - West Virginia 3 |
BOTTOM OF THE 4TH |
West Virginia Power batting - Pitching for BlackIron Dragons : RHP Luis Canseco
|
Batting: SHB Edward Bartlett
|
0-0: Called Strike 0-1: Swinging Strike 0-2: Foul Ball, location: 2F 0-2: Foul Ball, location: 2F 0-2: Ball 1-2: Ball 2-2: Fly out, F6 (Popup, 5D)
|
Batting: RHB Gonzalo Gil
|
0-0: Called Strike 0-1: Ground out 1-3 (Groundball, 13S)
|
Batting: RHB Ben Dougherty
|
0-0: Fly out, F6 (Popup, 6MD)
|
Bottom of the 4th over - 0 run(s), 0 hit(s), 0 error(s), 0 left on base; BlackIron 0 - West Virginia 3 |
TOP OF THE 5TH |
BlackIron Dragons batting - Pitching for West Virginia Power : RHP Mitch Irwin
|
Batting: RHB Alfredo Rangel
|
0-0: Ball 1-0: Foul Ball, location: 2F 1-1: Called Strike 1-2: Foul Ball, location: 2F 1-2: Ball 2-2: Foul Ball, location: 2F 2-2: Ball 3-2: Base on Balls
|
Batting: RHB Gil Palmer
|
0-0: Ball 1-0: Called Strike 1-1: Ball Wild Pitch! Alfredo Rangel to second 2-1: Foul Ball, location: 2F 2-2: Strikes out looking
|
Batting: RHB José Colón
|
0-0: Ball 1-0: Called Strike 1-1: Ball 2-1: SINGLE (Line Drive, 8LS) Alfredo Rangel to third Runner from 3rd tries for Home, SAFE, no throw or cutoff
|
Batting: LHB Leonard Young
|
0-0: DOUBLE (Flyball, 7LS) José Colón to third
|
Batting: RHB Boyd Pittman
|
0-0: Called Strike 0-1: Ball 1-1: Swinging Strike 1-2: Foul Ball, location: 2F 1-2: Ball 2-2: Foul Ball, location: 2F 2-2: Ball 3-2: Base on Balls
|
Batting: RHB Edgardo Carrasco
|
0-0: Fly out, F6 (Popup, 6MD)
|
Batting: RHB Joaquín Rosales
|
0-0: Called Strike 0-1: Called Strike 0-2: Ball 1-2: SINGLE (Groundball, 5L) José Colón scores Leonard Young to third Boyd Pittman to second Runner from 3rd tries for Home, SAFE, throw made at trailing runner, SAFE at third!
|
Batting: LHB Donnie Cunningham
|
0-0: Ball 1-0: SINGLE (Groundball, 13) (infield hit) Boyd Pittman scores Joaquín Rosales to second
|
Batting: LHB Culley Vaughan
|
0-0: SINGLE (Line Drive, 9LS) Joaquín Rosales to third Donnie Cunningham to second Runner from 3rd tries for Home, SAFE, no throw or cutoff
|
Batting: RHB Alfredo Rangel
|
0-0: Ball 1-0: Ball 2-0: Called Strike 2-1: Foul Ball, location: 2F 2-2: Strikes out swinging
|
Top of the 5th over - 5 run(s), 5 hit(s), 0 error(s), 2 left on base; BlackIron 5 - West Virginia 3 |
BOTTOM OF THE 5TH |
West Virginia Power batting - Pitching for BlackIron Dragons : RHP Luis Canseco
|
Batting: RHB Will Lott
|
0-0: Ground out 6-3 (Groundball, 6)
|
Batting: RHB Brett Bell
|
0-0: Called Strike 0-1: Called Strike 0-2: Foul Ball, location: 2F 0-2: Strikes out swinging
|
Batting: RHB Luis Encarnación
|
0-0: Ball 1-0: Ground out U3 (Groundball, 3S)
|
Bottom of the 5th over - 0 run(s), 0 hit(s), 0 error(s), 0 left on base; BlackIron 5 - West Virginia 3 |
TOP OF THE 6TH |
BlackIron Dragons batting - Pitching for West Virginia Power : RHP Mitch Irwin
|
Batting: RHB Gil Palmer
|
0-0: Ball 1-0: Ball 2-0: Ball 3-0: Called Strike 3-1: Base on Balls
|
Batting: RHB José Colón
|
0-0: Foul Ball, location: 2F 0-1: Called Strike 0-2: Ground out 5-3 (Groundball, 56S) Gil Palmer to second
|
Batting: LHB Leonard Young
|
0-0: Ball 1-0: Called Strike 1-1: Ball 2-1: Ball 3-1: Foul Ball, location: 2F 3-2: Hit by Pitch
|
Batting: RHB Boyd Pittman
|
0-0: Ball 1-0: Foul Ball, location: 2F 1-1: Foul Ball, location: 2F 1-2: Ball 2-2: Fielders Choice at 2nd, 6-4 (Groundball, 56) Gil Palmer to third
|
Batting: RHB Edgardo Carrasco
|
0-0: Fly out, F8 (Flyball, 78D)
|
Top of the 6th over - 0 run(s), 0 hit(s), 0 error(s), 2 left on base; BlackIron 5 - West Virginia 3 |
BOTTOM OF THE 6TH |
West Virginia Power batting - Pitching for BlackIron Dragons : RHP Luis Canseco
|
Batting: RHB Alfonso Huertas
|
0-0: Ball 1-0: Ball 2-0: SINGLE (Line Drive, 4MD)
|
Batting: LHB Fernando Ortíz
|
0-0: Foul Ball, location: 2F 0-1: Ball 1-1: Ball 2-1: Called Strike 2-2: Strikes out looking Alfonso Huertas steals 2nd base Batter strikes out.
|
Batting: LHB Pablo Reyes
|
0-0: Swinging Strike 0-1: Swinging Strike 0-2: Ball 1-2: Strikes out swinging
|
Batting: SHB Edward Bartlett
|
0-0: Called Strike 0-1: Called Strike 0-2: Ball 1-2: SINGLE (Line Drive, 34D) Alfonso Huertas to third Runner from 3rd tries for Home, SAFE, no throw or cutoff
|
Batting: RHB Gonzalo Gil
|
0-0: Ball 1-0: Ball 2-0: Ball 3-0: Called Strike 3-1: Fly out, F7 (Flyball, 7S)
|
Bottom of the 6th over - 1 run(s), 2 hit(s), 0 error(s), 1 left on base; BlackIron 5 - West Virginia 4 |
TOP OF THE 7TH |
BlackIron Dragons batting - Pitching for West Virginia Power : RHP Mitch Irwin
|
Batting: RHB Joaquín Rosales
|
0-0: Called Strike 0-1: Foul Ball, location: 2F 0-2: Reached on error, E5 (Groundball, 5)
|
Pinch Hitting: RHB Brian Jackson
|
0-0: Intentional Walk
|
Batting: LHB Culley Vaughan
|
0-0: Ball 1-0: SINGLE (Line Drive, 7S) Joaquín Rosales to third Brian Jackson to second Runner from 3rd tries for Home, SAFE, throw made at trailing runner, OUT at third!
|
Batting: RHB Alfredo Rangel
|
0-0: Ball 1-0: Called Strike 1-1: Ball 2-1: SINGLE (Groundball, 15S) (infield hit) Culley Vaughan to second
|
Batting: RHB Gil Palmer
|
0-0: Called Strike 0-1: Foul Ball, location: 2F 0-2: Fly out, F4 (Popup, 4MD)
|
Pitching: RHP Kenny Skinner
|
|
Batting: RHB José Colón
|
0-0: Called Strike 0-1: Ball 1-1: SINGLE (Line Drive, 7S) Culley Vaughan to third Alfredo Rangel to second
|
Batting: LHB Leonard Young
|
0-0: Ball 1-0: Ball 2-0: Called Strike 2-1: Ball 3-1: Called Strike 3-2: SINGLE (Groundball, 34D) Culley Vaughan scores Alfredo Rangel to third José Colón to second Alfredo Rangel scores José Colón to third
|
Batting: RHB Boyd Pittman
|
0-0: Called Strike 0-1: SINGLE (Line Drive, 8RS) José Colón scores Leonard Young to second
|
Batting: RHB Edgardo Carrasco
|
0-0: Ball 1-0: Ball 2-0: Ball Wild Pitch! Leonard Young to third Boyd Pittman to second 3-0: Called Strike 3-1: Foul Ball, location: 2F 3-2: Base on Balls
|
Pitching: LHP John Helms
|
|
Batting: RHB Joaquín Rosales
|
0-0: Called Strike 0-1: Called Strike 0-2: Ball 1-2: DOUBLE (Groundball, 5L) Leonard Young scores Boyd Pittman scores Edgardo Carrasco to third
|
Batting: RHB Brian Jackson
|
0-0: Ball 1-0: Ball 2-0: Ball 3-0: Called Strike 3-1: Base on Balls
|
Batting: LHB Culley Vaughan
|
0-0: Ball 1-0: Called Strike 1-1: Called Strike 1-2: Strikes out looking
|
Top of the 7th over - 6 run(s), 6 hit(s), 1 error(s), 3 left on base; BlackIron 11 - West Virginia 4 |
BOTTOM OF THE 7TH |
West Virginia Power batting - Pitching for BlackIron Dragons : RHP Luis Canseco
|
Pitching: RHP Bret McJannett
|
|
Now in LF: Raúl Leal
|
|
Batting: RHB Ben Dougherty
|
0-0: Foul Ball, location: 2F 0-1: Called Strike 0-2: Foul Ball, location: 2F 0-2: Strikes out swinging
|
Batting: RHB Will Lott
|
0-0: Ball 1-0: Called Strike 1-1: Ball 2-1: Ball 3-1: Base on Balls
|
Batting: RHB Brett Bell
|
0-0: Ball 1-0: SINGLE (Line Drive, 4D) Will Lott to second
|
Batting: RHB Luis Encarnación
|
0-0: Ball 1-0: Swinging Strike 1-1: Foul Ball, location: 2F 1-2: Foul Ball, location: 2F 1-2: Ball 2-2: Fly out, F8 (Flyball, 8RS)
|
Batting: RHB Alfonso Huertas
|
0-0: Ball 1-0: Called Strike 1-1: Ball 2-1: Ball 3-1: Fly out, F9 (Flyball, 89M)
|
Bottom of the 7th over - 0 run(s), 1 hit(s), 0 error(s), 2 left on base; BlackIron 11 - West Virginia 4 |
TOP OF THE 8TH |
BlackIron Dragons batting - Pitching for West Virginia Power : LHP John Helms
|
Pitching: RHP Brad Flores
|
|
Batting: RHB Alfredo Rangel
|
0-0: Ball 1-0: Swinging Strike 1-1: Ball 2-1: Foul Ball, location: 2F 2-2: SINGLE (Groundball, 56D)
|
Pitching: RHP Aurelio Barrón
|
|
Batting: RHB Gil Palmer
|
0-0: Ball 1-0: Called Strike 1-1: Ball 2-1: Sac Bunt - play at first, batter OUT! 1-4 Alfredo Rangel to second
|
Batting: RHB José Colón
|
0-0: Called Strike 0-1: Ball 1-1: Foul Ball, location: 2F 1-2: Foul Ball, location: 2F 1-2: Ground out 5-3 (Groundball, 56)
|
Batting: LHB Leonard Young
|
0-0: Ball 1-0: Foul Ball, location: 2F 1-1: Swinging Strike 1-2: Strikes out looking
|
Top of the 8th over - 0 run(s), 1 hit(s), 0 error(s), 1 left on base; BlackIron 11 - West Virginia 4 |
BOTTOM OF THE 8TH |
West Virginia Power batting - Pitching for BlackIron Dragons : RHP Bret McJannett
|
Now at 1B: Frank Maxwell
|
|
Batting: LHB Fernando Ortíz
|
0-0: Fly out, F9 (Line Drive, 89D)
|
Batting: LHB Pablo Reyes
|
0-0: Ball 1-0: Ball 2-0: Called Strike 2-1: Called Strike 2-2: Fly out, F8 (Flyball, 8RM)
|
Batting: SHB Edward Bartlett
|
0-0: Called Strike 0-1: Ball 1-1: Fly out, F8 (Flyball, 8LS)
|
Bottom of the 8th over - 0 run(s), 0 hit(s), 0 error(s), 0 left on base; BlackIron 11 - West Virginia 4 |
TOP OF THE 9TH |
BlackIron Dragons batting - Pitching for West Virginia Power : RHP Aurelio Barrón
|
Pitching: RHP Horace Jacobs
|
|
Batting: RHB Boyd Pittman
|
0-0: Called Strike 0-1: Foul Ball, location: 2F 0-2: Strikes out swinging
|
Batting: RHB Edgardo Carrasco
|
0-0: Called Strike 0-1: Foul Ball, location: 2F 0-2: Fly out, F8 (Flyball, 8RM)
|
Batting: RHB Joaquín Rosales
|
0-0: Swinging Strike 0-1: Swinging Strike 0-2: Strikes out looking
|
Top of the 9th over - 0 run(s), 0 hit(s), 0 error(s), 0 left on base; BlackIron 11 - West Virginia 4 |
BOTTOM OF THE 9TH |
West Virginia Power batting - Pitching for BlackIron Dragons : RHP Bret McJannett
|
Batting: RHB Gonzalo Gil
|
0-0: Swinging Strike 0-1: Ball 1-1: Ball 2-1: Foul Ball, location: 2F 2-2: Ball 3-2: Foul Ball, location: 2F 3-2: Base on Balls
|
Batting: RHB Ben Dougherty
|
0-0: Called Strike 0-1: Grounds into double play, 6-4-3 (Groundball, 6)
|
Batting: RHB Will Lott
|
0-0: Called Strike 0-1: Called Strike 0-2: Ball 1-2: Ball 2-2: Foul Ball, location: 2F 2-2: Foul Ball, location: 2F 2-2: Foul Ball, location: 2F 2-2: Foul Ball, location: 2F 2-2: Ball 3-2: Foul Ball, location: 2F 3-2: Base on Balls
|
Batting: RHB Brett Bell
|
0-0: Called Strike 0-1: Ball 1-1: Ground out 5-3 (Groundball, 56S)
|
Bottom of the 9th over - 0 run(s), 0 hit(s), 0 error(s), 1 left on base; BlackIron 11 - West Virginia 4 |
|